[ AOE2 MATCH · #504883463 ]
UnrankedHuns vs Mongols
[ REPLAY ANALYSIS · EXTRACTED FROM THE RECORDED GAME ]
Feudal
12:53
Castle
23:57
Imperial
—
| APM avg | 29.7 |
| APM peak | 73 |
| eAPM avg | 11.1 |
| Villagers / military | 104 / 48 |
Focus
⚔️ 26.4% · 🌾 73.6%
Cavalry Archer ×30 · Archer ×15 · Battering Ram ×2 · Skirmisher ×1
Feudal
13:18
Castle
25:43
Imperial
—
| APM avg | 32.1 |
| APM peak | 71 |
| eAPM avg | 12.8 |
| Villagers / military | 84 / 5 |
Focus
⚔️ 14.4% · 🌾 85.6%
Scout Cavalry ×5
Feudal
15:28
Castle
20:02
Imperial
36:50
| APM avg | 32.7 |
| APM peak | 83 |
| eAPM avg | 16.0 |
| Villagers / military | 83 / 38 |
Focus
⚔️ 33.2% · 🌾 66.8%
Plumed Archer ×38
Feudal
12:39
Castle
25:50
Imperial
—
| APM avg | 15.6 |
| APM peak | 37 |
| eAPM avg | 9.2 |
| Villagers / military | 80 / 13 |
Focus
⚔️ 16.1% · 🌾 83.9%
Cavalry Archer ×8 · Archer ×5
Feudal
14:23
Castle
19:48
Imperial
—
| APM avg | 47.9 |
| APM peak | 102 |
| eAPM avg | 12.5 |
| Villagers / military | 71 / 110 |
Focus
⚔️ 22.2% · 🌾 77.8%
Bolas Rider ×109 · Skirmisher ×1
Feudal
14:02
Castle
18:48
Imperial
—
| APM avg | 23.5 |
| APM peak | 58 |
| eAPM avg | 18.6 |
| Villagers / military | 73 / 90 |
Focus
⚔️ 45.0% · 🌾 55.0%
Militia ×48 · Battering Ram ×20 · Scorpion ×13 · Mangonel ×9
Feudal
12:35
Castle
27:01
Imperial
—
| APM avg | 38.3 |
| APM peak | 80 |
| eAPM avg | 21.7 |
| Villagers / military | 142 / 22 |
Focus
⚔️ 16.2% · 🌾 83.8%
Steppe Lancer ×9 · Mangonel ×6 · Spearman ×6 · Scout Cavalry ×1
Feudal
13:39
Castle
18:53
Imperial
—
| APM avg | 15.5 |
| APM peak | 41 |
| eAPM avg | 8.5 |
| Villagers / military | 102 / 22 |
Focus
⚔️ 20.8% · 🌾 79.2%
Mangudai ×22
Match map
Initial resources + every placement click. Lines = walls · curves = elevation contours. ◆ gold · ⬟ stone · ● berries · ✦ relic · ◌ wall gap
Your base· Open — unwalled flank
Life Is But A Dream's base· Open — unwalled flank
Marley AoC's base· Open — unwalled flank
beliyo.iam's base· Open — 11t gap
AgeOfFentanil0's base· Open — unwalled flank
Porkroll's base· Open — 8t gap
Eldiano's base· Open — 9t gap
CNZS_carlar's base· Open — unwalled flank
Smoothed initial terrain · ◌ = detected wall gap · hover for details
Inputs per minute
— |DD2E| Poloisses - - Life Is But A Dream
Build order — |DD2E| Poloisses
First 150 of 232 actions detected
| 0:24 | Build | Town Center |
| 3:13 | Queue | Villager (Male) |
| 3:13 | Queue | Villager (Male) |
| 3:13 | Queue | Villager (Male) |
| 3:14 | Queue | Villager (Male) |
| 3:14 | Queue | Villager (Male) |
| 3:14 | Queue | Villager (Male) |
| 3:14 | Queue | Villager (Male) |
| 4:07 | Research | Loom |
| 4:15 | Queue | Villager (Male) |
| 5:26 | Queue | Villager (Male) |
| 5:26 | Queue | Villager (Male) |
| 5:27 | Queue | Villager (Male) |
| 5:27 | Queue | Villager (Male) |
| 5:44 | Queue | Villager (Male) |
| 5:44 | Queue | Villager (Male) |
| 5:45 | Queue | Villager (Male) |
| 6:26 | Build | Lumber Camp |
| 6:36 | Queue | Villager (Male) |
| 7:06 | Queue | Villager (Male) |
| 7:19 | Queue | Villager (Male) |
| 8:03 | Queue | Villager (Male) |
| 8:09 | Queue | Villager (Male) |
| 8:10 | Queue | Villager (Male) |
| 8:41 | Queue | Villager (Male) |
| 8:52 | Build | Mill |
| 9:03 | Queue | Villager (Male) |
| 9:25 | Queue | Villager (Male) |
| 9:47 | Queue | Villager (Male) |
| 10:21 | Build | Mining Camp |
| 10:41 | Research | Feudal Age |
| 11:51 | Build | Barracks |
| 11:56 | Build | Barracks |
| 12:01 | Queue | Villager (Male) |
| 12:01 | Queue | Villager (Male) |
| 12:53 | Age | Feudal Age |
| 12:58 | Build | Archery Range |
| 13:05 | Queue | Villager (Male) |
| 13:17 | Build | Palisade Wall |
| 13:19 | Build | Palisade Wall |
| 13:20 | Build | Palisade Wall |
| 13:21 | Build | Palisade Wall |
| 13:24 | Build | Palisade Wall |
| 13:25 | Build | Palisade Wall |
| 13:30 | Build | Palisade Wall |
| 13:32 | Build | Palisade Wall |
| 13:33 | Build | Palisade Wall |
| 13:35 | Queue | Villager (Male) |
| 13:43 | Queue | Archer |
| 13:43 | Queue | Archer |
| 13:44 | Queue | Archer |
| 14:10 | Queue | Villager (Male) |
| 14:24 | Build | Blacksmith |
| 14:36 | Queue | Archer |
| 14:38 | Queue | Villager (Male) |
| 14:53 | Queue | Archer |
| 15:17 | Research | Fletching |
| 15:18 | Queue | Villager (Male) |
| 15:26 | Queue | Archer |
| 15:29 | Queue | Villager (Male) |
| 15:52 | Build | Archery Range |
| 15:53 | Queue | Villager (Male) |
| 16:05 | Queue | Villager (Male) |
| 16:14 | Queue | Archer |
| 16:21 | Queue | Skirmisher |
| 16:29 | Queue | Archer |
| 16:29 | Queue | Archer |
| 16:48 | Queue | Villager (Male) |
| 16:59 | Queue | Archer |
| 16:59 | Queue | Archer |
| 16:59 | Queue | Archer |
| 17:31 | Queue | Archer |
| 17:31 | Queue | Archer |
| 17:31 | Queue | Archer |
| 17:32 | Queue | Villager (Male) |
| 17:32 | Queue | Villager (Male) |
| 17:32 | Queue | Villager (Male) |
| 17:32 | Queue | Villager (Male) |
| 17:33 | Queue | Villager (Male) |
| 17:55 | Queue | Villager (Male) |
| 18:45 | Queue | Villager (Male) |
| 18:49 | Queue | Villager (Male) |
| 18:58 | Queue | Villager (Male) |
| 20:13 | Build | Market |
| 21:12 | Research | Castle Age |
| 21:34 | Build | Palisade Wall |
| 21:42 | Build | Palisade Gate |
| 22:03 | Build | Palisade Wall |
| 22:05 | Build | Palisade Wall |
| 22:14 | Queue | Villager (Male) |
| 22:26 | Build | Stable |
| 22:51 | Queue | Villager (Male) |
| 23:57 | Age | Castle Age |
| 23:59 | Build | Archery Range |
| 24:06 | Queue | Cavalry Archer |
| 24:07 | Queue | Cavalry Archer |
| 24:08 | Queue | Cavalry Archer |
| 24:08 | Queue | Cavalry Archer |
| 24:08 | Queue | Cavalry Archer |
| 24:12 | Research | Bodkin Arrow |
| 24:27 | Build | University |
| 24:30 | Queue | Villager (Male) |
| 24:32 | Queue | Cavalry Archer |
| 24:32 | Queue | Cavalry Archer |
| 24:32 | Queue | Cavalry Archer |
| 24:36 | Research | Bloodlines |
| 24:40 | Queue | Villager (Male) |
| 24:49 | Build | Palisade Wall |
| 25:00 | Queue | Villager (Male) |
| 25:09 | Build | Farm |
| 25:09 | Build | Farm |
| 25:10 | Build | Farm |
| 25:10 | Build | Farm |
| 25:10 | Build | Farm |
| 25:31 | Queue | Cavalry Archer |
| 25:31 | Queue | Cavalry Archer |
| 25:31 | Queue | Cavalry Archer |
| 25:37 | Build | Palisade Wall |
| 25:53 | Research | Ballistics |
| 25:54 | Queue | Villager (Male) |
| 25:57 | Queue | Cavalry Archer |
| 25:57 | Queue | Cavalry Archer |
| 25:57 | Queue | Cavalry Archer |
| 25:59 | Queue | Villager (Male) |
| 26:19 | Queue | Villager (Male) |
| 26:50 | Build | Mining Camp |
| 27:07 | Build | Palisade Wall |
| 27:09 | Queue | Villager (Male) |
| 27:14 | Queue | Cavalry Archer |
| 27:14 | Queue | Cavalry Archer |
| 27:31 | Queue | Villager (Male) |
| 27:32 | Research | Double-Bit Axe |
| 27:34 | Research | Horse Collar |
| 27:52 | Queue | Villager (Male) |
| 28:19 | Queue | Villager (Male) |
| 28:25 | Queue | Cavalry Archer |
| 28:25 | Queue | Cavalry Archer |
| 28:25 | Queue | Cavalry Archer |
| 28:25 | Queue | Cavalry Archer |
| 28:25 | Queue | Cavalry Archer |
| 28:25 | Queue | Cavalry Archer |
| 28:25 | Queue | Cavalry Archer |
| 28:26 | Queue | Cavalry Archer |
| 28:27 | Queue | Villager (Male) |
| 28:27 | Queue | Villager (Male) |
| 29:04 | Queue | Villager (Male) |
| 29:16 | Queue | Villager (Male) |
| 29:16 | Queue | Villager (Male) |
| 29:36 | Build | Town Center |
| 29:48 | Queue | Villager (Male) |
Build order — Life Is But A Dream
First 150 of 194 actions detected
| 0:02 | Build | House |
| 0:07 | Build | House |
| 1:01 | Build | Town Center |
| 3:10 | Research | Loom |
| 3:10 | Research | Loom |
| 3:11 | Queue | Villager (Male) ×4 |
| 4:46 | Queue | Villager (Male) |
| 5:34 | Queue | Villager (Male) |
| 5:35 | Queue | Villager (Male) |
| 5:36 | Queue | Villager (Male) |
| 6:58 | Queue | Villager (Male) |
| 7:15 | Queue | Villager (Male) |
| 7:15 | Queue | Villager (Male) |
| 7:15 | Queue | Villager (Male) |
| 7:16 | Queue | Villager (Male) |
| 7:31 | Build | House |
| 7:40 | Build | House |
| 8:20 | Build | Lumber Camp |
| 9:02 | Queue | Villager (Male) |
| 9:02 | Queue | Villager (Male) |
| 9:02 | Queue | Villager (Male) |
| 9:43 | Queue | Villager (Male) |
| 10:31 | Build | Mill |
| 10:40 | Queue | Villager (Male) |
| 10:40 | Queue | Villager (Male) |
| 10:55 | Research | Feudal Age |
| 10:55 | Research | Feudal Age |
| 11:25 | Build | House |
| 11:35 | Build | Palisade Wall |
| 11:37 | Build | Palisade Gate |
| 11:43 | Build | House |
| 12:38 | Build | Barracks |
| 13:18 | Age | Feudal Age |
| 13:30 | Build | Stable |
| 13:42 | Research | Double-Bit Axe |
| 13:43 | Queue | Villager (Male) |
| 13:44 | Queue | Villager (Male) |
| 13:44 | Queue | Villager (Male) |
| 14:21 | Queue | Scout Cavalry ×5 |
| 14:35 | Build | Blacksmith |
| 14:59 | Build | Mining Camp |
| 15:03 | Queue | Villager (Male) |
| 15:03 | Queue | Villager (Male) |
| 15:25 | Research | Forging |
| 15:26 | Research | Scale Barding Armor |
| 15:43 | Queue | Villager (Male) |
| 15:57 | Build | Mill |
| 16:16 | Build | Mining Camp |
| 16:25 | Build | Mining Camp |
| 16:26 | Queue | Villager (Male) |
| 16:26 | Queue | Villager (Male) |
| 16:58 | Build | Farm |
| 17:18 | Build | Farm |
| 17:20 | Build | Farm |
| 17:22 | Queue | Villager (Male) |
| 17:37 | Build | Market |
| 17:45 | Queue | Villager (Male) |
| 18:11 | Build | Farm |
| 18:12 | Queue | Villager (Male) |
| 18:19 | Build | House |
| 18:20 | Build | House |
| 18:58 | Queue | Villager (Male) |
| 19:02 | Build | House |
| 19:05 | Build | Palisade Wall |
| 19:08 | Build | Palisade Gate |
| 19:11 | Queue | Villager (Male) |
| 19:24 | Build | Farm |
| 19:47 | Build | Archery Range |
| 19:59 | Build | Farm |
| 20:09 | Queue | Villager (Male) |
| 20:13 | Build | Farm |
| 20:47 | Build | Farm |
| 20:48 | Queue | Villager (Male) |
| 20:51 | Queue | Villager (Male) |
| 21:22 | Build | Archery Range |
| 21:47 | Build | Farm |
| 21:47 | Queue | Villager (Male) |
| 22:02 | Build | House |
| 22:03 | Build | House |
| 22:41 | Build | Farm |
| 22:44 | Build | House |
| 23:03 | Research | Castle Age |
| 23:03 | Research | Castle Age |
| 23:03 | Research | Castle Age |
| 23:39 | Research | Stone Mining |
| 24:12 | Research | Wheelbarrow |
| 24:24 | Research | Horse Collar |
| 25:43 | Age | Castle Age |
| 25:43 | Research | Light Cavalry (upgrade) |
| 25:45 | Build | Castle |
| 27:13 | Queue | Villager (Male) |
| 27:14 | Queue | Villager (Male) |
| 27:21 | Build | Castle |
| 27:25 | Queue | Villager (Male) |
| 27:30 | Build | Town Center |
| 28:12 | Research | Husbandry |
| 28:29 | Build | University |
| 28:36 | Build | Farm |
| 28:37 | Build | Farm |
| 28:38 | Queue | Villager (Male) |
| 28:39 | Queue | Villager (Male) |
| 28:39 | Queue | Villager (Male) |
| 28:46 | Research | Fletching |
| 28:47 | Research | Fletching |
| 28:52 | Queue | Villager (Male) |
| 28:53 | Queue | Villager (Male) |
| 28:54 | Build | Farm |
| 28:55 | Build | Farm |
| 28:55 | Build | Farm |
| 29:13 | Queue | Villager (Male) ×3 |
| 29:23 | Build | Farm |
| 29:23 | Build | Farm |
| 29:24 | Build | Farm |
| 29:24 | Build | Farm |
| 29:24 | Build | Farm |
| 29:35 | Build | Farm |
| 29:35 | Build | Farm |
| 30:24 | Queue | Villager (Male) |
| 30:24 | Queue | Villager (Male) |
| 30:32 | Build | Lumber Camp |
| 30:38 | Queue | Villager (Male) |
| 30:38 | Queue | Villager (Male) |
| 30:38 | Queue | Villager (Male) |
| 30:50 | Build | Farm |
| 30:52 | Research | Hand Cart |
| 31:02 | Build | Farm |
| 31:07 | Build | Farm |
| 31:42 | Build | Town Center |
| 31:48 | Queue | Villager (Male) |
| 31:49 | Queue | Villager (Male) |
| 31:49 | Queue | Villager (Male) |
| 32:06 | Research | Ballistics |
| 32:07 | Research | Ballistics |
| 32:07 | Research | Ballistics |
| 32:51 | Build | House |
| 32:52 | Build | House |
| 32:53 | Build | House |
| 32:54 | Build | House |
| 33:02 | Build | Town Center |
| 33:08 | Queue | Villager (Male) |
| 33:22 | Research | Bodkin Arrow |
| 33:22 | Research | Bodkin Arrow |
| 33:22 | Research | Bodkin Arrow |
| 34:00 | Queue | Villager (Male) |
| 34:00 | Queue | Villager (Male) |
| 34:05 | Queue | Villager (Male) |
| 34:05 | Queue | Villager (Male) |
| 34:27 | Queue | Villager (Male) |
| 34:27 | Queue | Villager (Male) |
| 34:28 | Queue | Villager (Male) |
Build order — Marley AoC
First 150 of 213 actions detected
| 1:19 | Build | Town Center |
| 3:26 | Research | Loom |
| 3:26 | Queue | Villager (Male) |
| 3:27 | Queue | Villager (Male) |
| 3:27 | Queue | Villager (Male) |
| 3:27 | Queue | Villager (Male) |
| 3:34 | Build | House |
| 4:35 | Queue | Villager (Male) |
| 4:35 | Queue | Villager (Male) |
| 5:02 | Queue | Villager (Male) |
| 5:02 | Queue | Villager (Male) |
| 5:25 | Build | House |
| 5:34 | Queue | Villager (Male) |
| 5:35 | Queue | Villager (Male) |
| 5:50 | Queue | Villager (Male) |
| 5:50 | Queue | Villager (Male) |
| 6:17 | Build | Lumber Camp |
| 6:23 | Build | House |
| 6:32 | Queue | Villager (Male) |
| 6:50 | Queue | Villager (Male) |
| 6:51 | Queue | Villager (Male) |
| 6:51 | Queue | Villager (Male) |
| 7:22 | Queue | Villager (Male) |
| 7:22 | Queue | Villager (Male) |
| 7:41 | Queue | Villager (Male) |
| 7:41 | Queue | Villager (Male) |
| 7:54 | Queue | Villager (Male) |
| 7:54 | Queue | Villager (Male) |
| 8:45 | Queue | Villager (Male) |
| 8:45 | Queue | Villager (Male) |
| 8:52 | Build | House |
| 8:57 | Build | House |
| 9:14 | Build | House |
| 9:15 | Build | House |
| 9:18 | Build | Palisade Wall |
| 9:20 | Build | Palisade Wall |
| 9:26 | Queue | Villager (Male) |
| 9:47 | Build | Mill |
| 9:54 | Queue | Villager (Male) |
| 10:21 | Queue | Villager (Male) |
| 10:21 | Queue | Villager (Male) |
| 10:45 | Build | House |
| 10:49 | Queue | Villager (Male) |
| 10:55 | Queue | Villager (Male) |
| 10:55 | Queue | Villager (Male) |
| 11:05 | Queue | Villager (Male) |
| 11:05 | Queue | Villager (Male) |
| 11:06 | Queue | Villager (Male) |
| 11:17 | Build | House |
| 12:45 | Research | Feudal Age |
| 12:55 | Build | Barracks |
| 13:07 | Build | Palisade Gate |
| 13:12 | Build | House |
| 13:53 | Queue | Villager (Male) |
| 14:37 | Queue | Villager (Male) |
| 15:28 | Age | Feudal Age |
| 15:31 | Build | Market |
| 15:40 | Research | Double-Bit Axe |
| 16:07 | Queue | Villager (Male) |
| 16:16 | Build | Blacksmith |
| 16:24 | Build | Palisade Wall |
| 16:26 | Build | Palisade Wall |
| 16:26 | Build | Palisade Wall |
| 16:38 | Queue | Villager (Male) |
| 16:44 | Build | Mining Camp |
| 17:09 | Build | Palisade Gate |
| 17:11 | Build | Palisade Wall |
| 17:13 | Build | Palisade Wall |
| 17:22 | Research | Castle Age |
| 17:36 | Build | Mining Camp |
| 17:58 | Build | House |
| 18:08 | Build | House |
| 18:18 | Research | Fletching |
| 18:59 | Queue | Villager (Male) |
| 19:56 | Research | Wheelbarrow |
| 20:02 | Age | Castle Age |
| 20:06 | Build | Archery Range |
| 20:24 | Build | Castle |
| 20:52 | Queue | Villager (Male) |
| 20:52 | Queue | Villager (Male) |
| 21:13 | Build | Palisade Wall |
| 21:14 | Build | Palisade Wall |
| 21:33 | Build | Mill |
| 21:50 | Queue | Villager (Male) |
| 21:56 | Queue | Plumed Archer |
| 21:56 | Queue | Plumed Archer |
| 21:56 | Queue | Plumed Archer |
| 21:56 | Queue | Plumed Archer |
| 21:57 | Queue | Plumed Archer |
| 21:57 | Queue | Plumed Archer |
| 22:14 | Research | Gold Mining |
| 22:36 | Build | Mining Camp |
| 22:39 | Queue | Villager (Male) |
| 22:59 | Queue | Plumed Archer |
| 22:59 | Queue | Plumed Archer |
| 23:04 | Research | Bodkin Arrow |
| 23:08 | Queue | Plumed Archer |
| 23:08 | Queue | Plumed Archer |
| 23:09 | Queue | Plumed Archer |
| 23:21 | Queue | Villager (Male) |
| 23:22 | Queue | Villager (Male) |
| 23:33 | Build | Farm |
| 23:39 | Build | Farm |
| 23:43 | Queue | Plumed Archer |
| 23:43 | Queue | Plumed Archer |
| 23:43 | Queue | Plumed Archer |
| 24:00 | Queue | Villager (Male) |
| 24:00 | Queue | Villager (Male) |
| 24:05 | Build | Farm |
| 24:08 | Build | Farm |
| 24:17 | Build | Farm |
| 24:32 | Research | Town Watch |
| 24:38 | Queue | Villager (Male) |
| 24:40 | Queue | Plumed Archer |
| 24:40 | Queue | Plumed Archer |
| 24:40 | Queue | Plumed Archer |
| 25:00 | Queue | Villager (Male) |
| 25:01 | Queue | Villager (Male) |
| 25:06 | Build | Farm |
| 25:12 | Queue | Plumed Archer |
| 25:12 | Queue | Plumed Archer |
| 25:33 | Queue | Plumed Archer |
| 25:33 | Queue | Plumed Archer |
| 25:33 | Queue | Plumed Archer |
| 26:14 | Queue | Villager (Male) |
| 26:15 | Queue | Villager (Male) |
| 26:18 | Queue | Plumed Archer |
| 26:18 | Queue | Plumed Archer |
| 26:19 | Queue | Plumed Archer |
| 27:08 | Queue | Villager (Male) |
| 27:09 | Queue | Villager (Male) |
| 27:10 | Build | Farm |
| 27:10 | Build | Farm |
| 27:11 | Build | Farm |
| 27:11 | Build | Farm |
| 27:11 | Build | Farm |
| 27:46 | Build | Farm |
| 27:46 | Build | Farm |
| 27:50 | Queue | Plumed Archer |
| 27:50 | Queue | Plumed Archer |
| 28:12 | Research | Padded Archer Armor |
| 28:46 | Build | Mill |
| 28:47 | Build | Farm |
| 28:47 | Build | Farm |
| 28:47 | Build | Farm |
| 28:48 | Build | Farm |
| 28:48 | Build | Farm |
| 28:49 | Queue | Villager (Male) |
| 28:50 | Queue | Villager (Male) |
| 28:50 | Queue | Villager (Male) |
Build order — beliyo.iam
First 150 of 171 actions detected
| 0:31 | Build | Town Center |
| 1:03 | Build | House |
| 1:08 | Build | House |
| 2:12 | Build | House |
| 2:50 | Queue | Villager (Male) |
| 2:51 | Queue | Villager (Male) |
| 2:51 | Queue | Villager (Male) |
| 2:51 | Queue | Villager (Male) |
| 4:16 | Queue | Villager (Male) |
| 4:16 | Queue | Villager (Male) |
| 4:47 | Build | House |
| 4:54 | Build | House |
| 5:06 | Research | Loom |
| 5:07 | Queue | Villager (Male) |
| 5:52 | Queue | Villager (Male) |
| 5:52 | Queue | Villager (Male) |
| 5:52 | Queue | Villager (Male) |
| 5:53 | Queue | Villager (Male) |
| 6:43 | Queue | Villager (Male) |
| 6:44 | Queue | Villager (Male) |
| 6:44 | Queue | Villager (Male) |
| 7:05 | Build | House |
| 7:37 | Queue | Villager (Male) |
| 7:37 | Queue | Villager (Male) |
| 7:37 | Queue | Villager (Male) |
| 8:26 | Queue | Villager (Male) |
| 8:26 | Queue | Villager (Male) |
| 9:15 | Build | Mill |
| 9:22 | Queue | Villager (Male) |
| 9:22 | Queue | Villager (Male) |
| 10:09 | Build | House |
| 10:17 | Queue | Villager (Male) |
| 10:29 | Research | Feudal Age |
| 12:17 | Build | Barracks |
| 12:21 | Queue | Villager (Male) |
| 12:22 | Queue | Villager (Male) |
| 12:39 | Age | Feudal Age |
| 13:12 | Build | Archery Range |
| 13:27 | Build | House |
| 13:30 | Build | House |
| 13:34 | Queue | Villager (Male) |
| 13:34 | Queue | Villager (Male) |
| 14:10 | Build | Palisade Wall |
| 14:14 | Queue | Villager (Male) |
| 14:14 | Queue | Villager (Male) |
| 14:21 | Queue | Archer |
| 14:21 | Queue | Archer |
| 15:04 | Queue | Archer |
| 15:13 | Build | Blacksmith |
| 15:33 | Research | Double-Bit Axe |
| 15:56 | Build | Mill |
| 16:11 | Build | Palisade Wall |
| 16:15 | Queue | Archer |
| 16:18 | Queue | Villager (Male) |
| 16:18 | Queue | Villager (Male) |
| 16:37 | Build | House |
| 16:41 | Research | Fletching |
| 17:06 | Queue | Archer |
| 17:10 | Research | Padded Archer Armor |
| 17:41 | Queue | Villager (Male) |
| 17:41 | Queue | Villager (Male) |
| 17:59 | Build | Watch Tower |
| 18:04 | Queue | Villager (Male) |
| 18:05 | Queue | Villager (Male) |
| 19:12 | Build | Mill |
| 19:20 | Queue | Villager (Male) |
| 19:33 | Build | Farm |
| 19:33 | Build | Farm |
| 19:34 | Build | Farm |
| 20:16 | Build | Palisade Wall |
| 20:35 | Build | House |
| 20:43 | Queue | Villager (Male) |
| 20:43 | Queue | Villager (Male) |
| 20:50 | Queue | Villager (Male) |
| 21:10 | Build | Market |
| 21:23 | Queue | Villager (Male) |
| 21:39 | Queue | Villager (Male) |
| 22:23 | Build | Watch Tower |
| 23:10 | Research | Castle Age |
| 23:19 | Build | Mule Cart |
| 24:39 | Build | Watch Tower |
| 25:26 | Build | House |
| 25:28 | Build | House |
| 25:50 | Age | Castle Age |
| 26:08 | Build | University |
| 26:10 | Build | House |
| 26:16 | Queue | Villager (Male) |
| 26:16 | Queue | Villager (Male) |
| 26:16 | Queue | Villager (Male) |
| 26:16 | Queue | Villager (Male) |
| 26:58 | Queue | Villager (Male) |
| 26:58 | Queue | Villager (Male) |
| 27:16 | Build | Mill |
| 27:18 | Research | Guard Tower (upgrade) |
| 27:21 | Build | Farm |
| 27:21 | Build | Farm |
| 27:25 | Build | Farm |
| 27:25 | Build | Farm |
| 27:27 | Build | Farm |
| 27:44 | Queue | Villager (Male) |
| 27:44 | Queue | Villager (Male) |
| 27:55 | Build | Watch Tower |
| 28:50 | Build | Farm |
| 28:50 | Build | Farm |
| 28:50 | Build | Farm |
| 28:51 | Build | Farm |
| 28:56 | Queue | Villager (Male) |
| 28:56 | Queue | Villager (Male) |
| 29:22 | Build | Farm |
| 29:34 | Build | Farm |
| 29:59 | Queue | Villager (Male) |
| 29:59 | Queue | Villager (Male) |
| 30:22 | Queue | Villager (Male) |
| 30:22 | Queue | Villager (Male) |
| 30:33 | Build | House |
| 30:35 | Build | House |
| 30:37 | Build | House |
| 30:47 | Build | Farm |
| 30:48 | Build | Farm |
| 30:48 | Build | Farm |
| 30:48 | Build | Farm |
| 30:50 | Build | Farm |
| 31:00 | Build | Farm |
| 31:14 | Queue | Villager (Male) |
| 31:14 | Queue | Villager (Male) |
| 31:28 | Queue | Cavalry Archer |
| 31:28 | Queue | Cavalry Archer |
| 31:28 | Queue | Cavalry Archer |
| 31:29 | Queue | Cavalry Archer |
| 31:48 | Build | House |
| 32:13 | Queue | Villager (Male) |
| 32:13 | Queue | Villager (Male) |
| 32:24 | Build | House |
| 32:29 | Research | Bodkin Arrow |
| 32:31 | Queue | Villager (Male) |
| 32:31 | Queue | Villager (Male) |
| 32:31 | Queue | Villager (Male) |
| 32:47 | Build | Town Center |
| 32:54 | Queue | Villager (Male) |
| 32:54 | Queue | Villager (Male) |
| 32:57 | Build | House |
| 33:01 | Build | House |
| 33:28 | Queue | Cavalry Archer |
| 33:28 | Queue | Cavalry Archer |
| 33:31 | Queue | Villager (Male) |
| 33:31 | Queue | Villager (Male) |
| 33:31 | Queue | Villager (Male) |
| 33:31 | Queue | Villager (Male) |
| 33:54 | Build | House |
| 33:55 | Build | House |
Build order — AgeOfFentanil0
First 150 of 174 actions detected
| 1:07 | Build | Town Center |
| 3:11 | Queue | Villager (Male) |
| 3:12 | Queue | Villager (Male) |
| 3:12 | Queue | Villager (Male) |
| 3:12 | Queue | Villager (Male) |
| 3:12 | Queue | Villager (Male) |
| 3:38 | Research | Loom |
| 4:01 | Queue | Villager (Male) |
| 4:05 | Build | House |
| 4:32 | Build | House |
| 4:43 | Queue | Villager (Male) |
| 4:44 | Queue | Villager (Male) |
| 4:44 | Queue | Villager (Male) |
| 5:38 | Queue | Villager (Male) |
| 5:46 | Queue | Villager (Male) |
| 5:46 | Queue | Villager (Male) |
| 5:51 | Build | House |
| 5:56 | Queue | Villager (Male) |
| 5:56 | Queue | Villager (Male) |
| 6:15 | Queue | Villager (Male) |
| 6:16 | Queue | Villager (Male) |
| 6:29 | Build | Settlement |
| 7:08 | Queue | Villager (Male) |
| 7:09 | Queue | Villager (Male) |
| 7:09 | Queue | Villager (Male) |
| 7:22 | Build | House |
| 7:36 | Queue | Villager (Male) |
| 7:37 | Queue | Villager (Male) |
| 7:44 | Queue | Villager (Male) |
| 7:44 | Queue | Villager (Male) |
| 7:45 | Queue | Villager (Male) |
| 7:47 | Build | House |
| 8:10 | Queue | Villager (Male) |
| 8:11 | Queue | Villager (Male) |
| 9:18 | Build | House |
| 10:18 | Queue | Villager (Male) |
| 10:19 | Queue | Villager (Male) |
| 10:51 | Queue | Villager (Male) |
| 10:57 | Build | House |
| 11:34 | Build | House |
| 11:43 | Queue | Villager (Male) |
| 11:47 | Build | House |
| 12:13 | Research | Feudal Age |
| 12:49 | Build | Palisade Wall |
| 14:04 | Build | Settlement |
| 14:22 | Queue | Villager (Male) |
| 14:22 | Queue | Villager (Male) |
| 14:23 | Age | Feudal Age |
| 14:32 | Build | Market |
| 15:13 | Queue | Villager (Male) |
| 15:21 | Build | Watch Tower |
| 15:29 | Build | Blacksmith |
| 15:34 | Build | Palisade Wall |
| 15:50 | Build | Palisade Wall |
| 16:01 | Build | Palisade Wall |
| 16:02 | Build | Palisade Wall |
| 16:05 | Queue | Villager (Male) |
| 16:26 | Build | Barracks |
| 16:43 | Queue | Villager (Male) |
| 17:04 | Research | Castle Age |
| 17:40 | Build | Archery Range |
| 17:42 | Research | Fletching |
| 17:45 | Research | Double-Bit Axe |
| 18:08 | Research | Gold Mining |
| 18:32 | Build | House |
| 18:33 | Build | House |
| 19:14 | Build | Archery Range |
| 19:39 | Queue | Villager (Male) |
| 19:39 | Queue | Villager (Male) |
| 19:48 | Age | Castle Age |
| 19:49 | Research | Bow Saw |
| 19:49 | Research | Bow Saw |
| 19:53 | Queue | Bolas Rider |
| 20:09 | Build | House |
| 20:15 | Queue | Bolas Rider ×2 |
| 20:15 | Queue | Bolas Rider ×2 |
| 20:21 | Research | Bodkin Arrow |
| 20:43 | Research | Wheelbarrow |
| 21:06 | Queue | Bolas Rider ×3 |
| 21:07 | Queue | Bolas Rider ×3 |
| 21:16 | Queue | Villager (Male) |
| 21:47 | Queue | Bolas Rider ×3 |
| 21:48 | Queue | Bolas Rider ×3 |
| 22:08 | Queue | Villager (Male) |
| 23:09 | Queue | Villager (Male) |
| 23:10 | Queue | Villager (Male) |
| 23:12 | Queue | Bolas Rider ×3 |
| 23:12 | Queue | Bolas Rider ×3 |
| 23:12 | Queue | Bolas Rider ×3 |
| 24:18 | Queue | Skirmisher |
| 24:26 | Queue | Bolas Rider ×5 |
| 24:26 | Queue | Bolas Rider ×5 |
| 24:27 | Queue | Bolas Rider |
| 24:27 | Queue | Bolas Rider |
| 24:33 | Queue | Villager (Male) |
| 24:34 | Queue | Villager (Male) |
| 25:12 | Queue | Villager (Male) |
| 25:12 | Queue | Villager (Male) |
| 25:17 | Build | House |
| 25:17 | Build | House |
| 25:27 | Build | Archery Range |
| 26:39 | Build | Settlement |
| 26:39 | Queue | Villager (Male) |
| 26:39 | Queue | Villager (Male) |
| 26:39 | Queue | Villager (Male) |
| 27:10 | Queue | Bolas Rider ×5 |
| 27:10 | Queue | Bolas Rider ×5 |
| 27:10 | Queue | Bolas Rider ×5 |
| 27:10 | Queue | Bolas Rider ×5 |
| 28:02 | Research | Padded Archer Armor |
| 28:34 | Queue | Villager (Male) |
| 28:35 | Queue | Villager (Male) |
| 28:35 | Queue | Villager (Male) |
| 28:42 | Build | Town Center |
| 29:02 | Research | Leather Archer Armor |
| 29:16 | Build | Farm |
| 29:16 | Build | Farm |
| 29:37 | Build | Farm |
| 29:37 | Build | Farm |
| 29:37 | Build | Farm |
| 29:39 | Queue | Villager (Male) |
| 29:40 | Queue | Villager (Male) |
| 29:40 | Queue | Villager (Male) |
| 29:40 | Queue | Villager (Male) |
| 29:40 | Queue | Villager (Male) |
| 29:59 | Queue | Villager (Male) |
| 29:59 | Queue | Villager (Male) |
| 30:48 | Queue | Bolas Rider ×5 |
| 30:48 | Queue | Bolas Rider ×5 |
| 31:12 | Queue | Villager (Male) |
| 31:12 | Queue | Villager (Male) |
| 32:06 | Build | Settlement |
| 32:20 | Queue | Villager (Male) |
| 32:20 | Queue | Villager (Male) |
| 32:20 | Queue | Villager (Male) |
| 32:21 | Queue | Villager (Male) |
| 32:26 | Build | Farm |
| 32:26 | Build | Farm |
| 32:27 | Build | Farm |
| 32:27 | Build | Farm |
| 32:27 | Build | Farm |
| 32:27 | Build | Farm |
| 32:28 | Build | Farm |
| 32:28 | Build | Farm |
| 32:28 | Build | Farm |
| 32:28 | Build | Farm |
| 32:29 | Build | Farm |
| 32:46 | Queue | Bolas Rider ×5 |
| 32:47 | Queue | Bolas Rider ×5 |
| 32:54 | Build | House |
Build order — Porkroll
First 150 of 235 actions detected
| 0:09 | Build | Town Center |
| 0:17 | Build | House |
| 0:31 | Build | House |
| 1:01 | Build | Mill |
| 2:47 | Queue | Villager (Male) |
| 2:47 | Queue | Villager (Male) |
| 2:47 | Queue | Villager (Male) |
| 2:48 | Queue | Villager (Male) |
| 2:48 | Queue | Villager (Male) |
| 2:48 | Queue | Villager (Male) |
| 4:13 | Build | Lumber Camp |
| 4:27 | Queue | Villager (Male) |
| 4:28 | Queue | Villager (Male) |
| 4:28 | Queue | Villager (Male) |
| 4:36 | Queue | Villager (Male) |
| 4:36 | Queue | Villager (Male) |
| 4:36 | Queue | Villager (Male) |
| 4:43 | Queue | Villager (Male) |
| 5:04 | Queue | Villager (Male) |
| 5:04 | Queue | Villager (Male) |
| 5:42 | Queue | Villager (Male) |
| 5:43 | Queue | Villager (Male) |
| 6:02 | Queue | Villager (Male) |
| 6:03 | Queue | Villager (Male) |
| 6:03 | Queue | Villager (Male) |
| 6:18 | Build | Lumber Camp |
| 6:32 | Build | House |
| 6:36 | Queue | Villager (Male) |
| 6:36 | Queue | Villager (Male) |
| 6:37 | Queue | Villager (Male) |
| 7:39 | Build | House |
| 7:42 | Queue | Villager (Male) |
| 7:43 | Queue | Villager (Male) |
| 7:43 | Queue | Villager (Male) |
| 8:51 | Queue | Villager (Male) |
| 8:51 | Queue | Villager (Male) |
| 8:52 | Queue | Villager (Male) |
| 8:52 | Queue | Villager (Male) |
| 9:10 | Build | Mill |
| 9:18 | Queue | Villager (Male) |
| 9:48 | Queue | Villager (Male) |
| 9:49 | Queue | Villager (Male) |
| 10:52 | Build | Mining Camp |
| 11:41 | Research | Feudal Age |
| 12:10 | Build | House |
| 12:14 | Build | Palisade Wall |
| 12:43 | Build | Palisade Wall |
| 12:50 | Queue | Villager (Male) |
| 13:38 | Build | Palisade Wall |
| 13:43 | Queue | Villager (Male) |
| 14:02 | Age | Feudal Age |
| 14:06 | Build | Market |
| 14:15 | Build | Blacksmith |
| 14:16 | Queue | Villager (Male) |
| 14:27 | Build | Farm |
| 14:32 | Build | Farm |
| 14:39 | Build | Farm |
| 14:58 | Queue | Villager (Male) |
| 14:59 | Queue | Villager (Male) |
| 15:09 | Build | Farm |
| 15:45 | Build | Palisade Gate |
| 15:50 | Build | Farm |
| 15:53 | Build | Farm |
| 16:00 | Build | Palisade Wall |
| 16:04 | Build | Palisade Wall |
| 16:06 | Research | Castle Age |
| 16:50 | Build | Barracks |
| 16:53 | Build | Barracks |
| 17:13 | Build | House |
| 17:19 | Build | House |
| 18:21 | Queue | Villager (Male) |
| 18:25 | Research | Man-at-Arms (upgrade) |
| 18:26 | Queue | Militia |
| 18:27 | Queue | Militia |
| 18:27 | Queue | Militia |
| 18:43 | Queue | Villager (Male) |
| 18:48 | Age | Castle Age |
| 18:50 | Build | Siege Workshop |
| 18:54 | Queue | Militia |
| 18:54 | Queue | Militia |
| 18:55 | Queue | Militia |
| 19:01 | Build | House |
| 19:05 | Build | House |
| 19:31 | Build | Mining Camp |
| 19:34 | Queue | Battering Ram |
| 19:34 | Queue | Battering Ram |
| 19:34 | Queue | Battering Ram |
| 19:40 | Research | Forging |
| 19:41 | Research | Scale Mail Armor |
| 19:46 | Queue | Villager (Male) |
| 19:46 | Queue | Villager (Male) |
| 20:00 | Build | Farm |
| 20:05 | Queue | Villager (Male) |
| 20:05 | Queue | Villager (Male) |
| 20:15 | Build | Farm |
| 20:20 | Build | Farm |
| 20:31 | Research | Long Swordsman (upgrade) |
| 20:31 | Queue | Militia |
| 20:40 | Build | Farm |
| 21:03 | Queue | Militia |
| 21:03 | Queue | Militia |
| 21:03 | Queue | Militia |
| 21:13 | Build | Farm |
| 21:16 | Build | Farm |
| 21:26 | Queue | Villager (Male) |
| 21:26 | Queue | Villager (Male) |
| 22:08 | Queue | Mangonel |
| 22:08 | Queue | Mangonel |
| 22:27 | Queue | Battering Ram |
| 22:27 | Queue | Battering Ram |
| 22:27 | Queue | Battering Ram |
| 22:31 | Queue | Militia |
| 22:31 | Queue | Militia |
| 22:31 | Queue | Militia |
| 22:32 | Queue | Militia |
| 23:03 | Queue | Militia |
| 23:06 | Queue | Villager (Male) |
| 23:06 | Queue | Villager (Male) |
| 23:06 | Queue | Villager (Male) |
| 23:18 | Build | Watch Tower |
| 23:26 | Queue | Battering Ram |
| 23:26 | Queue | Battering Ram |
| 23:26 | Queue | Battering Ram |
| 24:06 | Queue | Villager (Male) |
| 24:07 | Queue | Villager (Male) |
| 24:09 | Build | House |
| 24:11 | Build | House |
| 24:13 | Build | House |
| 24:52 | Queue | Militia |
| 24:52 | Queue | Militia |
| 24:52 | Queue | Militia |
| 25:35 | Queue | Battering Ram |
| 25:35 | Queue | Battering Ram |
| 25:49 | Queue | Villager (Male) |
| 25:49 | Queue | Villager (Male) |
| 25:50 | Queue | Villager (Male) |
| 25:50 | Queue | Villager (Male) |
| 26:14 | Build | Watch Tower |
| 26:52 | Build | Watch Tower |
| 27:05 | Queue | Scorpion |
| 27:05 | Queue | Scorpion |
| 27:05 | Queue | Scorpion |
| 27:13 | Build | Siege Workshop |
| 27:15 | Queue | Villager (Male) |
| 27:15 | Queue | Villager (Male) |
| 27:16 | Queue | Villager (Male) |
| 27:19 | Queue | Militia |
| 27:19 | Queue | Militia |
| 27:19 | Queue | Militia |
| 27:19 | Queue | Militia |
Build order — Eldiano
First 150 of 280 actions detected
| 0:07 | Build | House |
| 0:29 | Build | Town Center |
| 2:46 | Build | House |
| 2:48 | Research | Loom |
| 2:48 | Queue | Villager (Male) |
| 2:48 | Queue | Villager (Male) |
| 2:59 | Queue | Villager (Male) |
| 2:59 | Queue | Villager (Male) |
| 2:59 | Queue | Villager (Male) |
| 3:56 | Queue | Villager (Male) |
| 4:59 | Queue | Villager (Male) |
| 5:20 | Queue | Villager (Male) |
| 5:24 | Build | Lumber Camp |
| 5:33 | Queue | Villager (Male) |
| 5:51 | Build | House |
| 6:22 | Queue | Villager (Male) |
| 6:37 | Build | House |
| 6:51 | Build | House |
| 6:58 | Queue | Villager (Male) |
| 7:15 | Queue | Villager (Male) |
| 7:30 | Queue | Villager (Male) |
| 8:06 | Queue | Villager (Male) |
| 8:10 | Build | Mill |
| 8:14 | Queue | Villager (Male) |
| 8:38 | Queue | Villager (Male) |
| 8:47 | Build | Palisade Wall |
| 9:12 | Queue | Villager (Male) |
| 9:36 | Queue | Villager (Male) |
| 10:22 | Build | House |
| 10:25 | Research | Feudal Age |
| 12:03 | Build | House |
| 12:04 | Build | House |
| 12:35 | Age | Feudal Age |
| 12:42 | Build | Town Center |
| 12:47 | Research | Double-Bit Axe |
| 12:59 | Build | Palisade Wall |
| 13:01 | Queue | Villager (Male) |
| 13:02 | Queue | Villager (Male) |
| 13:37 | Queue | Villager (Male) |
| 13:38 | Queue | Villager (Male) |
| 14:02 | Build | House |
| 14:03 | Build | House |
| 14:15 | Build | House |
| 14:17 | Build | House |
| 14:18 | Build | House |
| 14:20 | Build | House |
| 14:25 | Queue | Villager (Male) |
| 14:27 | Queue | Villager (Male) |
| 14:27 | Queue | Villager (Male) |
| 14:33 | Build | Farm |
| 14:35 | Research | Horse Collar |
| 14:46 | Queue | Villager (Male) |
| 15:00 | Queue | Villager (Male) |
| 15:07 | Build | Farm |
| 15:12 | Build | Farm |
| 15:13 | Queue | Villager (Male) |
| 15:16 | Build | House |
| 15:24 | Queue | Villager (Male) |
| 15:25 | Queue | Villager (Male) |
| 15:42 | Build | Farm |
| 15:43 | Queue | Villager (Male) |
| 15:57 | Queue | Villager (Male) |
| 16:07 | Build | Barracks |
| 16:17 | Build | House |
| 16:19 | Queue | Villager (Male) |
| 16:28 | Queue | Villager (Male) |
| 16:32 | Research | Town Watch |
| 16:34 | Queue | Villager (Male) |
| 16:44 | Build | Farm |
| 16:46 | Build | Farm |
| 16:48 | Queue | Villager (Male) |
| 16:50 | Queue | Villager (Male) |
| 16:50 | Queue | Villager (Male) |
| 17:02 | Queue | Villager (Male) |
| 17:06 | Build | Farm |
| 17:19 | Build | Farm |
| 17:20 | Queue | Villager (Male) |
| 17:32 | Build | House |
| 17:33 | Build | House |
| 17:35 | Queue | Villager (Male) |
| 17:36 | Queue | Villager (Male) |
| 17:41 | Build | Farm |
| 17:42 | Build | Farm |
| 17:43 | Queue | Villager (Male) |
| 17:43 | Queue | Villager (Male) |
| 17:53 | Build | Farm |
| 18:03 | Queue | Spearman |
| 18:03 | Queue | Spearman |
| 18:17 | Build | Palisade Wall |
| 18:18 | Build | Palisade Wall |
| 18:18 | Build | Palisade Wall |
| 18:20 | Queue | Villager (Male) |
| 18:30 | Queue | Spearman |
| 18:43 | Queue | Spearman |
| 18:44 | Queue | Villager (Male) |
| 18:45 | Queue | Villager (Male) |
| 19:01 | Build | Mining Camp |
| 19:02 | Queue | Spearman |
| 19:10 | Build | Farm |
| 19:10 | Queue | Villager (Male) |
| 19:16 | Build | Mill |
| 19:17 | Build | Farm |
| 19:17 | Build | Farm |
| 19:17 | Build | Farm |
| 19:18 | Build | Farm |
| 19:23 | Build | Farm |
| 19:24 | Queue | Villager (Male) |
| 19:26 | Queue | Spearman |
| 19:29 | Build | Farm |
| 19:38 | Queue | Villager (Male) |
| 19:50 | Queue | Villager (Male) |
| 19:57 | Build | Blacksmith |
| 19:59 | Build | House |
| 20:04 | Queue | Villager (Male) |
| 20:08 | Build | Farm |
| 20:32 | Queue | Villager (Male) |
| 20:38 | Build | Farm |
| 20:42 | Build | Farm |
| 20:43 | Queue | Villager (Male) |
| 20:48 | Build | Farm |
| 20:49 | Queue | Villager (Male) |
| 20:52 | Build | House |
| 20:54 | Build | House |
| 21:02 | Queue | Villager (Male) |
| 21:04 | Build | Farm |
| 21:13 | Queue | Villager (Male) |
| 21:16 | Build | Farm |
| 21:23 | Build | House |
| 21:26 | Build | Farm |
| 21:55 | Build | House |
| 22:16 | Queue | Villager (Male) |
| 22:23 | Build | Market |
| 22:25 | Queue | Villager (Male) |
| 22:34 | Build | Watch Tower |
| 22:38 | Build | House |
| 22:41 | Queue | Villager (Male) |
| 22:50 | Queue | Villager (Male) |
| 22:52 | Queue | Villager (Male) |
| 23:10 | Queue | Villager (Male) |
| 23:18 | Queue | Villager (Male) |
| 23:30 | Build | Watch Tower |
| 23:49 | Queue | Villager (Male) |
| 23:59 | Build | Lumber Camp |
| 24:21 | Research | Castle Age |
| 24:31 | Build | Watch Tower |
| 24:35 | Queue | Villager (Male) |
| 25:06 | Build | Town Center |
| 25:13 | Queue | Villager (Male) |
| 25:17 | Build | Stable |
| 25:23 | Research | Fletching |
Build order — CNZS_carlar
First 150 of 176 actions detected
| 1:03 | Build | Town Center |
| 2:28 | Build | House |
| 3:22 | Queue | Villager (Male) |
| 3:23 | Queue | Villager (Male) |
| 3:23 | Queue | Villager (Male) |
| 3:23 | Queue | Villager (Male) |
| 3:24 | Queue | Villager (Male) |
| 3:24 | Queue | Villager (Male) |
| 4:16 | Queue | Villager (Male) |
| 4:45 | Build | House |
| 4:49 | Queue | Villager (Male) |
| 4:50 | Queue | Villager (Male) |
| 5:24 | Queue | Villager (Male) |
| 6:06 | Queue | Villager (Male) |
| 6:06 | Queue | Villager (Male) |
| 6:07 | Queue | Villager (Male) |
| 6:29 | Build | Lumber Camp |
| 6:39 | Build | House |
| 7:13 | Queue | Villager (Male) |
| 7:14 | Queue | Villager (Male) |
| 7:58 | Queue | Villager (Male) |
| 8:27 | Queue | Villager (Male) |
| 8:53 | Queue | Villager (Male) |
| 9:11 | Queue | Villager (Male) |
| 9:44 | Build | House |
| 10:06 | Queue | Villager (Male) |
| 10:08 | Queue | Villager (Male) |
| 10:37 | Build | Mining Camp |
| 10:40 | Queue | Villager (Male) |
| 11:29 | Research | Feudal Age |
| 11:29 | Research | Feudal Age |
| 13:26 | Queue | Villager (Male) |
| 13:39 | Age | Feudal Age |
| 14:05 | Build | House |
| 14:15 | Queue | Villager (Male) |
| 14:23 | Build | Blacksmith |
| 14:27 | Queue | Villager (Male) |
| 14:43 | Build | Mill |
| 15:00 | Build | House |
| 15:19 | Queue | Villager (Male) |
| 15:39 | Build | Market |
| 16:13 | Research | Castle Age |
| 17:27 | Queue | Villager (Male) |
| 18:53 | Age | Castle Age |
| 19:05 | Build | Town Center |
| 19:34 | Build | Castle |
| 20:01 | Queue | Villager (Male) |
| 20:05 | Queue | Villager (Male) |
| 20:07 | Queue | Villager (Male) |
| 20:17 | Build | House |
| 20:21 | Build | House |
| 21:04 | Build | Mill |
| 21:12 | Research | Loom |
| 21:24 | Queue | Villager (Male) |
| 21:24 | Queue | Villager (Male) |
| 21:24 | Queue | Villager (Male) |
| 21:25 | Queue | Villager (Male) |
| 21:26 | Queue | Villager (Male) |
| 22:03 | Build | Lumber Camp |
| 22:05 | Queue | Villager (Male) |
| 22:07 | Queue | Villager (Male) |
| 22:46 | Build | Lumber Camp |
| 22:48 | Queue | Villager (Male) |
| 22:49 | Queue | Villager (Male) |
| 22:52 | Queue | Mangudai |
| 22:52 | Queue | Mangudai |
| 22:52 | Queue | Mangudai |
| 22:52 | Queue | Mangudai |
| 23:12 | Queue | Villager (Male) |
| 23:13 | Queue | Villager (Male) |
| 23:15 | Queue | Villager (Male) |
| 23:15 | Queue | Villager (Male) |
| 24:13 | Build | Lumber Camp |
| 24:15 | Queue | Villager (Male) |
| 24:16 | Queue | Villager (Male) |
| 24:27 | Queue | Villager (Male) |
| 24:27 | Queue | Villager (Male) |
| 24:27 | Queue | Villager (Male) |
| 24:28 | Queue | Villager (Male) |
| 24:29 | Queue | Villager (Male) |
| 24:30 | Queue | Mangudai |
| 24:31 | Queue | Mangudai |
| 24:31 | Queue | Mangudai |
| 25:09 | Build | Mill |
| 25:12 | Queue | Villager (Male) |
| 25:13 | Queue | Villager (Male) |
| 25:34 | Research | Fletching |
| 25:34 | Research | Padded Archer Armor |
| 25:49 | Queue | Villager (Male) |
| 25:49 | Queue | Villager (Male) |
| 26:02 | Queue | Mangudai |
| 26:02 | Queue | Mangudai |
| 26:02 | Queue | Mangudai |
| 26:03 | Queue | Mangudai |
| 26:14 | Queue | Villager (Male) |
| 26:15 | Queue | Villager (Male) |
| 26:29 | Queue | Villager (Male) |
| 26:53 | Queue | Mangudai |
| 26:53 | Queue | Mangudai |
| 26:54 | Queue | Villager (Male) |
| 27:59 | Research | Bodkin Arrow |
| 28:00 | Research | Leather Archer Armor |
| 28:01 | Queue | Villager (Male) |
| 28:01 | Queue | Villager (Male) |
| 28:02 | Queue | Villager (Male) |
| 28:02 | Queue | Villager (Male) |
| 28:02 | Queue | Villager (Male) |
| 28:03 | Queue | Villager (Male) |
| 28:03 | Queue | Villager (Male) |
| 28:03 | Queue | Villager (Male) |
| 28:04 | Queue | Villager (Male) |
| 28:15 | Build | Town Center |
| 28:36 | Queue | Villager (Male) |
| 28:37 | Queue | Villager (Male) |
| 29:09 | Build | Town Center |
| 29:26 | Queue | Villager (Male) |
| 30:12 | Queue | Villager (Male) |
| 30:13 | Queue | Villager (Male) |
| 30:13 | Queue | Villager (Male) |
| 30:31 | Queue | Villager (Male) |
| 30:33 | Queue | Villager (Male) |
| 30:34 | Queue | Villager (Male) |
| 30:34 | Queue | Villager (Male) |
| 30:34 | Queue | Villager (Male) |
| 30:35 | Queue | Villager (Male) |
| 30:35 | Queue | Villager (Male) |
| 30:36 | Queue | Villager (Male) |
| 30:36 | Queue | Villager (Male) |
| 30:51 | Queue | Mangudai |
| 30:51 | Queue | Mangudai |
| 31:01 | Queue | Villager (Male) |
| 31:01 | Queue | Villager (Male) |
| 31:17 | Build | Mining Camp |
| 31:19 | Queue | Villager (Male) |
| 31:34 | Queue | Mangudai |
| 31:34 | Queue | Mangudai |
| 31:35 | Queue | Mangudai |
| 31:59 | Build | Castle |
| 32:05 | Queue | Villager (Male) |
| 32:12 | Build | House |
| 32:15 | Build | House |
| 32:16 | Build | House |
| 32:19 | Queue | Mangudai |
| 32:19 | Queue | Mangudai |
| 32:19 | Queue | Mangudai |
| 32:19 | Queue | Mangudai |
| 32:29 | Build | Barracks |
| 32:44 | Queue | Villager (Male) |
| 32:45 | Queue | Villager (Male) |
| 32:45 | Queue | Villager (Male) |
Match timeline
| 8:47 | Eldiano · wall_segment Palisade Wall x9 |
| 9:18 | Marley AoC · wall_segment Palisade Wall x5 |
| 9:20 | Marley AoC · wall_segment Palisade Wall x4 |
| 11:35 | Life Is But A Dream · wall_segment Palisade Wall x4 |
| 11:51 | |DD2E| Poloisses · first_building Barracks |
| 12:14 | Porkroll · wall_segment Palisade Wall x4 |
| 12:17 | beliyo.iam · first_building Barracks |
| 12:35 | Eldiano · age_up feudal |
| 12:38 | Life Is But A Dream · first_building Barracks |
| 12:39 | beliyo.iam · age_up feudal |
| 12:43 | Porkroll · wall_segment Palisade Wall x14 |
| 12:49 | AgeOfFentanil0 · wall_segment Palisade Wall x20 |
| 12:53 | |DD2E| Poloisses · age_up feudal |
| 12:55 | Marley AoC · first_building Barracks |
| 12:58 | |DD2E| Poloisses · first_building Archery Range |
| 12:59 | Eldiano · wall_segment Palisade Wall x10 |
| 13:12 | beliyo.iam · first_building Archery Range |
| 13:17 | |DD2E| Poloisses · wall_segment Palisade Wall x2 |
| 13:18 | Life Is But A Dream · age_up feudal |
| 13:19 | |DD2E| Poloisses · wall_segment Palisade Wall x1 |
| 13:20 | |DD2E| Poloisses · wall_segment Palisade Wall x1 |
| 13:21 | |DD2E| Poloisses · wall_segment Palisade Wall x1 |
| 13:24 | |DD2E| Poloisses · wall_segment Palisade Wall x1 |
| 13:25 | |DD2E| Poloisses · wall_segment Palisade Wall x1 |
| 13:30 | Life Is But A Dream · first_building Stable |
| 13:30 | |DD2E| Poloisses · wall_segment Palisade Wall x1 |
| 13:32 | |DD2E| Poloisses · wall_segment Palisade Wall x1 |
| 13:33 | |DD2E| Poloisses · wall_segment Palisade Wall x1 |
| 13:38 | Porkroll · wall_segment Palisade Wall x4 |
| 13:39 | CNZS_carlar · age_up feudal |
| 14:02 | Porkroll · age_up feudal |
| 14:10 | beliyo.iam · wall_segment Palisade Wall x6 |
| 14:23 | AgeOfFentanil0 · age_up feudal |
| 15:28 | Marley AoC · age_up feudal |
| 15:34 | AgeOfFentanil0 · wall_segment Palisade Wall x8 |
| 15:50 | AgeOfFentanil0 · wall_segment Palisade Wall x10 |
| 16:00 | Porkroll · wall_segment Palisade Wall x4 |
| 16:01 | AgeOfFentanil0 · wall_segment Palisade Wall x4 |
| 16:02 | AgeOfFentanil0 · wall_segment Palisade Wall x1 |
| 16:04 | Porkroll · wall_segment Palisade Wall x2 |
| 16:07 | Eldiano · first_building Barracks |
| 16:11 | beliyo.iam · wall_segment Palisade Wall x2 |
| 16:24 | Marley AoC · wall_segment Palisade Wall x3 |
| 16:26 | Marley AoC · wall_segment Palisade Wall x2 |
| 16:26 | Marley AoC · wall_segment Palisade Wall x1 |
| 16:26 | AgeOfFentanil0 · first_building Barracks |
| 16:50 | Porkroll · first_building Barracks |
| 17:11 | Marley AoC · wall_segment Palisade Wall x3 |
| 17:13 | Marley AoC · wall_segment Palisade Wall x1 |
| 17:21 | Marley AoC · first_market_sell 100 food |
| 17:40 | AgeOfFentanil0 · first_building Archery Range |
| 18:17 | Eldiano · wall_segment Palisade Wall x1 |
| 18:17 | Marley AoC · first_market_buy 100 stone |
| 18:18 | Eldiano · wall_segment Palisade Wall x1 |
| 18:18 | Eldiano · wall_segment Palisade Wall x1 |
| 18:48 | Porkroll · age_up castle |
| 18:50 | Porkroll · first_building Siege Workshop |
| 18:53 | CNZS_carlar · age_up castle |
| 19:05 | Life Is But A Dream · wall_segment Palisade Wall x6 |
| 19:34 | CNZS_carlar · first_building Castle |
| 19:47 | Life Is But A Dream · first_building Archery Range |
| 19:48 | AgeOfFentanil0 · age_up castle |
| 20:02 | Marley AoC · age_up castle |
| 20:06 | Marley AoC · first_building Archery Range |
| 20:16 | beliyo.iam · wall_segment Palisade Wall x4 |
| 20:24 | Marley AoC · first_building Castle |
| 20:29 | Porkroll · first_market_buy 100 food |
| 21:10 | |DD2E| Poloisses · first_market_buy 100 food |
| 21:13 | Marley AoC · wall_segment Palisade Wall x1 |
| 21:14 | Marley AoC · wall_segment Palisade Wall x1 |
| 21:34 | |DD2E| Poloisses · wall_segment Palisade Wall x9 |
| 22:03 | |DD2E| Poloisses · wall_segment Palisade Wall x1 |
| 22:05 | |DD2E| Poloisses · wall_segment Palisade Wall x1 |
| 22:11 | beliyo.iam · first_market_buy 100 stone |
| 22:26 | |DD2E| Poloisses · first_building Stable |
| 23:12 | Eldiano · first_market_buy 100 food |
| 23:15 | Eldiano · first_market_sell 100 wood |
| 23:57 | |DD2E| Poloisses · age_up castle |
| 24:49 | |DD2E| Poloisses · wall_segment Palisade Wall x1 |
| 25:17 | Eldiano · first_building Stable |
| 25:37 | |DD2E| Poloisses · wall_segment Palisade Wall x8 |
| 25:43 | Life Is But A Dream · age_up castle |
| 25:45 | Life Is But A Dream · first_building Castle |
| 25:50 | beliyo.iam · age_up castle |
| 26:15 | Life Is But A Dream · first_market_buy 100 stone |
| 27:01 | Eldiano · age_up castle |
| 27:07 | |DD2E| Poloisses · wall_segment Palisade Wall x12 |
| 27:16 | Life Is But A Dream · first_market_sell 100 wood |
| 28:39 | AgeOfFentanil0 · first_market_buy 100 stone |
| 29:25 | Eldiano · first_building Siege Workshop |
| 29:50 | Marley AoC · wall_segment Palisade Wall x1 |
| 30:19 | |DD2E| Poloisses · wall_segment Palisade Wall x7 |
| 30:32 | |DD2E| Poloisses · wall_segment Palisade Wall x11 |
| 32:29 | CNZS_carlar · first_building Barracks |
| 34:44 | CNZS_carlar · resign |
| 35:09 | |DD2E| Poloisses · first_building Siege Workshop |
| 35:44 | |DD2E| Poloisses · wall_segment Palisade Wall x4 |
| 35:48 | beliyo.iam · first_building Stable |
| 36:50 | Marley AoC · age_up imperial |
| 37:16 | Eldiano · first_building Castle |
[ AI ANALYSIS · 1 CREDIT ]
What really happened in this match?
Wolo.gg analyzes every decision: build order, eco, micro, common mistakes by bracket. Personalized analysis on WhatsApp or Discord in 30 seconds.
Civ guide
Huns
Perfil
Jugador #15143992